 Dungeon Crawl Stone Soup version 0.30-b1-2-g02819fbbbe (webtiles) character file.

Game seed: 17980303242026943421

115793 LLlMATKO the Warrior (level 16, -5/151 HPs)
             Began as a Minotaur Berserker on Nov 14, 2023.
             Was the Champion of Trog.
             Splashed by a goliath frog's acid (6 damage)
             ... on level 1 of the Swamp.
             The game lasted 00:23:51 (25515 turns).

LLlMATKO the Warrior (Minotaur Berserker)          Turns: 25515, Time: 00:23:52

Health: -5/151     AC: 33    Str: 28    XL:     16   Next: 19%
Magic:  2/15       EV: 12    Int:  7    God:    Trog [******]
Gold:   3198       SH: 14    Dex: 15    Spells: 15/15 levels left

rFire   + . .        P - +3 war axe of a Labyrinth {heavy, rF+ Dex+3 SInv}
rCold   + . .        X - +0 kite shield
rNeg    . . .        b - +2 crystal plate armour {rC+}
rPois   +            j - +2 hat {Int+3}
rElec   .            T - +1 cloak {Stlth+}
rCorr   .            M - +1 pair of gloves {infuse}
SInv    +            S - +2 pair of boots {rampage}
Will    +....        A - amulet of regeneration Stlth
                     s - +4 ring of slaying
HPRegen 1.25/turn    E - ring of poison resistance
MPRegen 0.14/turn

%: rampage, infuse magic (1 MP)
@: about to teleport, corroded, on berserk cooldown, slowed, very slow
A: horns 2, retaliatory headbutt
a: Renounce Religion, Berserk, Trog's Hand, Brothers in Arms


You were on level 1 of the Swamp.
You worshipped Trog.
Trog was exalted by your worship.
You visited 4 branches of the dungeon, and saw 23 of its levels.
You also visited: Bailey and Ice Cave.

You collected 3198 gold pieces.

Inventory:

Hand Weapons
 a - a +1 broad axe of freezing
 c - a +1 heavy hand axe
 P - the +3 war axe of a Labyrinth (weapon) {heavy, rF+ Dex+3 SInv}
   (Trog gifted it to you on level 3 of the Lair of Beasts)

   Dex:       It affects your dexterity (+3).
   rF:        It protects you from fire.
   SInv:      It lets you see invisible.
Missiles
 i - 39 poisoned darts (quivered)
 C - 4 atropa-tipped darts
 O - 10 javelins
Armour
 b - a +2 crystal plate armour of cold resistance (worn)
 d - a +0 plate armour
 j - a +2 hat of intelligence (worn)
 M - a +1 pair of gloves of infusion (worn)
 S - a +2 pair of boots of rampaging (worn)
 T - a +1 cloak of stealth (worn)
 X - a +0 kite shield (worn)
Jewellery
 f - a ring of resist corrosion
 p - a +5 ring of evasion
 s - a +4 ring of slaying (left hand)
 t - a ring of willpower
 w - a +5 ring of evasion
 y - a ring of see invisible
 A - an amulet of regeneration (around neck)
 D - a ring of positive energy
 E - a ring of poison resistance (right hand)
 G - a +6 ring of strength
 K - a +5 ring of evasion
 L - a +6 ring of dexterity
 Z - a ring of ice
Wands
 v - a wand of flame (112)
 F - a wand of light (19)
 H - a wand of charming (13)
 Q - a wand of mindburst (9)
 R - a wand of iceblast (30)
 U - a wand of digging (8)
 W - a wand of polymorph (17)
Scrolls
 e - 4 scrolls of fog
 h - 4 scrolls of enchant weapon
 l - 14 scrolls of teleportation
 m - 9 scrolls of identify
 o - 7 scrolls of blinking
 x - 8 scrolls of noise
 z - a scroll of silence
 J - 2 scrolls of enchant armour
 N - 2 scrolls of brand weapon
 V - a scroll of fear {unknown}
Potions
 g - 2 potions of cancellation
 k - 7 potions of heal wounds
 n - 9 potions of curing
 q - 3 potions of haste
 r - 5 potions of might
 u - 3 potions of flight
 B - a potion of invisibility


   Skills:
 + Level 16.2 Fighting
 + Level 16.2 Axes
 + Level 16.0 Armour
 + Level 14.8 Dodging
 + Level 15.7 Shields


You had 15 spell levels left.
You didn't know any spells.
Your spell library was empty.

Dungeon Overview and Level Annotations

Branches:
Dungeon (15/15)            Temple (0/1) D:6            Lair (5/5) D:8
  Swamp (1/4) Lair:2       Spider (0/4) Lair:2        Slime (0/5) Lair:5
    Orc (2/2) D:10            Elf (0/3) Orc:2        Vaults (0/5) D:13
 Depths (0/4) D:15         Bailey (visited)           IceCv (visited)

Altars:
Ashenzari
Cheibriados
Dithmenos
Gozag
Hepliaklqana
Qazlal
Uskayaw
Xom
Yredelemnul

Shops:
D:13 *[   Orc:1 =   Orc:2 **(!

Portals:
Trove: D:12 (give +7 demon trident)


Innate Abilities, Weirdness & Mutations

You have a pair of horns on your head.
You reflexively headbutt those who attack you in melee.


Message History

The alligator looks even sicker.
The swamp worm bites you but does no damage.
You block the spriggan rider's attack.
The alligator is engulfed in poison gas.
The alligator looks even sicker.
You block the alligator's attack. x2
The goliath frog hits you from afar!
* * * LOW HITPOINT WARNING * * *
You are splashed with acid!
* * * LOW HITPOINT WARNING * * *
The alligator looks even sicker.
The alligator bites you but does no damage.
The alligator tail-slaps you but does no damage.
The alligator is engulfed in poison gas.
The alligator looks even sicker.
The alligator bites you but does no damage.
You block the alligator's attack. You block the spriggan rider's attack.
The swamp worm bites you.
* * * LOW HITPOINT WARNING * * *
Unknown command.
Unknown command.
Unknown command.
Unknown command.
You open the swamp worm like a pillowcase!!!
You kill the swamp worm!
Trog accepts your kill.
You slice the alligator!! You hit the alligator but do no damage.
The goliath frog hits you but does no damage.
The alligator is engulfed in poison gas.
The alligator looks as sick as possible!
The alligator bites you but does no damage.
The alligator tail-slaps you but does no damage.
The swamp worm fires a harpoon shot at you.
The harpoon shot hits you but does no damage.
The alligator is engulfed in poison gas.
The alligator looks as sick as possible!
The alligator misses you. You block the alligator's attack.
The goliath frog hits you from afar.
* * * LOW HITPOINT WARNING * * *
You are splashed with acid.
You die...

§§§♣ §§§ §§§§♣♣
§§ §§§§§§♣ §§♣
...
♣§§§§§§§♣♣♣§§♣
..≈.
§~~§~§§§§§§§♣
♣.~♣§§§♣§~§§♣§§
♣.. ♣§§§§t§~♣ .
♣..♣§§§i§@§♣..
♣.♣§§w§t♣§§§§§♣
♣§§§§.§F~§§§§♣♣
♣§§§§§§♣§§§§♣
♣§§§†§§~§§§♣♣
♣§§§§§§~§♣§§
♣♣§§§§§~§§§§§
§§§§§§~§♣§§§§
~.~§~~.♣♣♣ .


You could see 2 alligators, a spriggan rider, a goliath frog and a swamp worm.

Vanquished Creatures
  Gastronok (Lair:1)
  An orc warlord (Orc:1)
  Nessos (D:12)
  A white draconian (IceCv)
  Josephine (Lair:5)
  Snorg (D:11)
  6 vault guards
  Fannar (D:10)
  6 hydras
  Harold (Orc:1)
  4 ogre magi
  2 catoblepae
  5 centaur warriors
  18 two-headed ogres
  5 boulder beetles
  A deep troll shaman (Lair:5)
  8 death yaks (Lair:5)
  An orc high priest (Orc:1)
  2 tengu warriors
  Urug (D:11)
  Nergalle (D:11)
  A skyshark (Lair:5)
  Amaemon (Lair:2)
  A goliath frog (Swamp:1)
  Lodul (D:10)
  2 deep trolls (Orc:2)
  3 bog bodies
  A lindwurm (Lair:5)
  3 slime creatures (D:12)
  A necromancer (D:15)
  3 orc knights
  4 deep elf pyromancers
  3 orc sorcerers
  A manticore (D:11)
  8 cyclopes
  8 ugly things
  Maurice (D:8)
  A centaur zombie (D:15)
  8 elephants (Lair:5)
  A naga mage (D:15)
  7 black mambas
  2 ice statues (IceCv)
  An orange demon (Lair:2)
  3 gargoyles (D:14)
  2 efreet
  10 rime drakes
  Psyche (D:12)
  8 cane toads
  2 unseen horrors (D:13)
  A tengu conjurer (D:12)
  11 komodo dragons
  21 trolls
  A bloated husk (Swamp:1)
  Prince Ribbit (Bailey)
  7 blink frogs (Lair:5)
  5 polar bears
  Grinder (D:6)
  7 dream sheep (Lair:5)
  A tarantella (Lair:2)
  A centaur simulacrum (D:15)
  2 water elementals (D:14)
  5 wraiths
  17 wyverns
  Eustachio (D:4)
  63 yaks
  2 humans (Bailey)
  A vampire (D:12)
  4 steam dragons
  3 vampire mosquitoes (D:12)
  11 basilisks
  2 swamp worms (Swamp:1)
  3 wargs (Orc:1)
  2 acid dragons
  15 water moccasins
  A hell hound (D:14)
  19 orc warriors
  A sky beast (D:7)
  A hornet zombie (D:15)
  7 black bears
  34 ogres
  20 wolves
  5 boggarts (D:15)
  20 centaurs
  5 kobold brigands
  22 bullfrogs
  3 gnoll sergeants
  6 scorpions
  An earth elemental (D:13)
  10 wights
  10 killer bees
  2 electric eels (Lair:4)
  4 howler monkeys (D:9)
  8 komodo dragon simulacra (IceCv)
  6 hounds
  7 jellies
  2 sleepcaps
  2 gnoll boudas
  16 orc priests
  13 hell rats
  3 iguanas
  9 orc wizards
  A polar bear simulacrum (Lair:2)
  A wolf simulacrum (Lair:2)
  6 acid dragon simulacra (IceCv)
  16 gnolls
  9 adders
  A shadow imp (D:5)
  A white imp (D:6)
  7 steam dragon simulacra (IceCv)
  An ufetubus (D:6)
  4 worms
  71 orcs
  9 ball pythons
  5 endoplasms
  6 giant cockroaches
  13 goblins
  11 hobgoblins
  2 jackals (D:1)
  31 kobolds
  5 quokkas
  9 bats
  2 frilled lizards
  5 rats
797 creatures vanquished.

Vanquished Creatures (others)
  A tyrant leech (Swamp:1)
  2 orc wizards (D:8)
  46 fungi
  94 plants
143 creatures vanquished.

Grand Total: 940 creatures vanquished

Notes
Turn   | Place    | Note
-------+----------+-------------------------------------------
     0 | D:1      | LLlMATKO the Minotaur Berserker began the quest for the
                  | Orb.
     0 | D:1      | Reached XP level 1. HP: 19/19 MP: 0/0
    38 | D:1      | Reached XP level 2. HP: 27/27 MP: 1/1
   307 | D:1      | Reached ** piety under Trog
   310 | D:1      | Reached XP level 3. HP: 33/33 MP: 2/2
   673 | D:2      | Reached skill level 1 in Shields
   836 | D:2      | Reached XP level 4. HP: 37/40 MP: 3/3
  1044 | D:2      | Found a faded altar of an unknown god.
  1423 | D:3      | Reached XP level 5. HP: 31/47 MP: 4/4
  1615 | D:3      | Found a stormy altar of Qazlal.
  2380 | D:4      | Reached *** piety under Trog
  2510 | D:4      | Noticed a black bear
  2510 | D:4      | Noticed Eustachio
  2516 | D:4      | Killed a black bear
  2517 | D:4      | Reached skill level 5 in Fighting
  2517 | D:4      | Reached XP level 6. HP: 56/56 MP: 5/5
  2528 | D:4      | Killed Eustachio
  2529 | D:4      | Reached skill level 5 in Axes
  2817 | D:4      | Found a transporter.
  2820 | D:4      | Noticed a wyvern
  2821 | D:4      | Found a transporter.
  2821 | D:4      | Found a hide-covered altar of Uskayaw.
  3179 | D:5      | Entered Level 5 of the Dungeon
  3188 | D:5      | Reached XP level 7. HP: 52/61 MP: 6/6
  3556 | D:5      | Found a shadowy altar of Dithmenos.
  3556 | D:5      | Found a snail-covered altar of Cheibriados.
  3567 | D:5      | Reached skill level 5 in Armour
  3647 | D:5      | Noticed a steam dragon
  3657 | D:5      | Killed a steam dragon
  3996 | D:6      | Reached skill level 5 in Dodging
  3996 | D:6      | Reached XP level 8. HP: 68/70 MP: 7/7
  4095 | D:6      | Found a staircase to the Ecumenical Temple.
  4117 | D:6      | Identified the +0 ring mail of Asceticism {rPois}
  4286 | D:6      | Noticed Grinder
  4296 | D:6      | Killed Grinder
  4297 | D:6      | Reached skill level 5 in Shields
  4563 | D:6      | Found a faded altar of an unknown god.
  4566 | D:6      | Found a hazy altar of Hepliaklqana.
  4651 | D:7      | Found an opulent altar of Gozag.
  4651 | D:7      | Found a shimmering altar of Xom.
  4801 | D:7      | Reached XP level 9. HP: 79/79 MP: 8/8
  4907 | D:7      | Noticed a two-headed ogre
  4916 | D:7      | Killed a two-headed ogre
  5685 | D:7      | Reached XP level 10. HP: 90/90 MP: 0/9
  5893 | D:7      | Reached **** piety under Trog
  6354 | D:8      | Noticed Maurice
  6360 | D:8      | Killed Maurice
  7038 | D:8      | Found a staircase to the Lair.
  7768 | D:9      | Found a flagged portal.
  7807 | Bailey   | Entered a bailey
  8008 | Bailey   | Noticed a vault guard
  8008 | Bailey   | Noticed Prince Ribbit
  8016 | Bailey   | Killed Prince Ribbit
  8026 | Bailey   | Killed a vault guard
  8027 | Bailey   | Reached XP level 11. HP: 84/99 MP: 4/10
  8150 | Bailey   | Noticed a vault guard
  8158 | Bailey   | Killed a vault guard
  8159 | Bailey   | Reached skill level 10 in Fighting
  8159 | Bailey   | Reached skill level 10 in Axes
  8407 | D:9      | Reached ***** piety under Trog
  9102 | D:10     | Entered Level 10 of the Dungeon
  9219 | D:10     | Reached skill level 10 in Armour
  9314 | D:10     | Noticed Lodul
  9328 | D:10     | Killed Lodul
  9973 | D:10     | Found a staircase to the Orcish Mines.
  9976 | D:10     | Noticed an orc knight
  9989 | D:10     | Killed an orc knight
  9990 | D:10     | Reached skill level 10 in Shields
  9990 | D:10     | Received a gift from Trog
 10108 | D:10     | Noticed an orc knight
 10118 | D:10     | Killed an orc knight
 10356 | D:10     | Found a basalt altar of Yredelemnul.
 10534 | D:10     | Noticed Fannar
 10547 | D:10     | Killed Fannar
 10930 | Lair:1   | Entered Level 1 of the Lair of Beasts
 10942 | Lair:1   | Reached skill level 10 in Dodging
 10992 | Lair:1   | Noticed Gastronok
 11005 | Lair:1   | Killed Gastronok
 11006 | Lair:1   | Reached XP level 12. HP: 110/110 MP: 0/11
 11279 | Lair:1   | Identified the +8 sling of Icrun {flame, rF+ rC+}
 11997 | Lair:2   | Noticed Amaemon
 12013 | Lair:2   | Killed Amaemon
 12141 | Lair:2   | Found a frozen archway.
 12141 | Lair:2   | Found a hole to the Spider Nest.
 12155 | IceCv    | Entered an ice cave
 12735 | IceCv    | Noticed a white draconian
 12748 | IceCv    | Killed a white draconian
 13263 | Lair:2   | Reached ****** piety under Trog
 13408 | Lair:2   | Found a staircase to the Swamp.
 13412 | Lair:2   | Reached XP level 13. HP: 119/119 MP: 10/12
 13572 | Lair:2   | Found a transporter.
 13590 | Lair:2   | Found a transporter.
 13692 | Lair:2   | Identified the +12 dagger "Mofacoog" {heavy, Str+2 Int+4}
 14383 | Lair:3   | Identified the +3 war axe of a Labyrinth {heavy, rF+ Dex+3
                  | SInv} (Trog gifted it to you on level 3 of the Lair of
                  | Beasts)
 14383 | Lair:3   | Received a gift from Trog
 16483 | Lair:5   | Entered Level 5 of the Lair of Beasts
 16553 | Lair:5   | Identified the +11 battleaxe "Aryqowouci" {flame, rPois
                  | Dex+4} (Trog gifted it to you on level 5 of the Lair of
                  | Beasts)
 16553 | Lair:5   | Received a gift from Trog
 16564 | Lair:5   | Noticed Josephine
 16570 | Lair:5   | Killed Josephine
 16609 | Lair:5   | Found a staircase to the Slime Pits.
 16754 | Lair:5   | Reached XP level 14. HP: 130/130 MP: 0/13
 18411 | D:4      | Identified the +0 pair of gloves of the Iron City of Dis
                  | {rCorr}
 18714 | D:11     | Found a broken altar of Ashenzari.
 18827 | D:11     | Noticed Nergalle
 18836 | D:11     | Killed Nergalle
 19068 | D:11     | Noticed Urug
 19068 | D:11     | Noticed Snorg
 19077 | D:11     | Killed Urug
 19079 | D:11     | Killed Snorg
 19383 | D:12     | Noticed Nessos
 19388 | D:12     | Received a gift from Trog
 19396 | D:12     | Killed Nessos
 19813 | D:12     | Found a portal to a secret trove of treasure.
 20048 | D:12     | Noticed Psyche
 20059 | D:12     | Killed Psyche
 20422 | D:13     | Found a gate to the Vaults.
 20439 | D:13     | Reached XP level 15. HP: 139/139 MP: 0/14
 20594 | D:13     | Found Vunit Qyhoh's Pet Rocks.
 20620 | D:13     | Reached skill level 15 in Fighting
 20626 | D:13     | Reached skill level 15 in Axes
 21095 | D:13     | Found Wydown's Antique Armour Boutique.
 21345 | Orc:1    | Entered Level 1 of the Orcish Mines
 21361 | Orc:1    | Noticed Harold
 21362 | Orc:1    | Received a gift from Trog
 21376 | Orc:1    | Killed Harold
 21574 | Orc:1    | Found Saeng's Jewellery Shoppe.
 21734 | Orc:2    | Entered Level 2 of the Orcish Mines
 21736 | Orc:2    | Found Nugoquim's General Store.
 21745 | Orc:2    | Reached skill level 15 in Armour
 21865 | Orc:2    | Found Jig Xaej's Antique Weapon Emporium.
 21866 | Orc:2    | Found Ongapt's Distillery.
 21875 | Orc:2    | Found Faclog's General Store.
 22095 | Orc:2    | Reached skill level 15 in Shields
 22207 | Orc:2    | Found a staircase to the Elven Halls.
 22516 | Orc:1    | Received a gift from Trog
 23976 | D:15     | Entered Level 15 of the Dungeon
 24275 | D:15     | Found a staircase to the Depths.
 24345 | D:15     | Received a gift from Trog
 24346 | D:15     | Reached XP level 16. HP: 151/151 MP: 8/15
 25492 | Swamp:1  | Entered Level 1 of the Swamp
 25514 | Swamp:1  | HP: 6/151 [acid (7)]
 25514 | Swamp:1  | HP: 2/151 [swamp worm (4)]
 25515 | Swamp:1  | Splashed by a goliath frog's acid

Illustrated notes

Levels and vault maps discovered:
D:1:      spicycebolla_arrival_risky_transporter, layout_rooms
D:2:      layout_basic, shapermc_ecumenical_altar_ellora
D:3:      layout_loops_ring, mainiacjoe_overflow_six_doors_small,
          minmay_misc_feat_secret_circle
D:4:      layout_cave_pods, gammafunk_temple_overflow_arena, uniq_eustachio
D:5:      layout_basic, gammafunk_temple_overflow_wave
D:6:      layout_rooms, beargit_hepliaklqana_dungeon_heroes,
          minmay_temple_entry_mini_moons, uniq_grinder
D:7:      kennysheep_housing_project, layout_rooms,
          chequers_temple_overflow_statue_of_worship
D:8:      layout_loops_ring, grunt_lair_entry_orc_guard_hut,
          chequers_serial_rivers_small_b, uniq_maurice
D:9:      layout_long_grid, enter_bailey_3
D:10:     layout_stronghold, lemuel_round_altar, david_orc_5, uniq_fannar,
          uniq_lodul
D:11:     layout_roguey, evilmike_ruin_ashenzari, uniq_urug, uniq_nergalle,
          uniq_snorg
D:12:     layout_rooms, enter_trove_3, uniq_psyche, uniq_nessos
D:13:     layout_stronghold, lightli_vaults_fourway_checkpoint, serial_shops,
          nicolae_shop_statue_plus, grunt_decor_mini_mirrors,
          guppyfry_shop_earth
D:14:     layout_roguey [special_room_mythical_zoo], minmay_curled_crystal,
          serial_bayou_ford_a
D:15:     grunt_enter_depths_magical_seal, layout_irregular_city,
          nicolae_concentric_dashed_squares_wild, corexii_corridor_pit
Lair:1:   layout_hall_layers, uniq_gastronok
Lair:2:   gammafunk_boulding_lane, layout_chaotic_city,
          skrybe_swamp_entry_bodies, spider_nest_entry_rubble,
          portal_ice_cave_entry_ice_simulacra, serial_bayou_shore_b,
          grunt_megastairs_1, uniq_amaemon
Lair:3:   layout_long_grid, minivault_27
Lair:4:   layout_roguey, lemuel_old_faithful, grunt_megastairs_5,
          serial_bayou_shore_a, serial_bayou_shore_b, lemuel_fruit_tree
Lair:5:   grunt_lair_end_beastmaster, layout_hall_layers,
          nicolae_slime_entry_slimehenge, uniq_josephine
Swamp:1:  layout_falls_marsh, hangedman_swamp_ruin_hall
Orc:1:    layout_caves, basic_altar, serial_shops, nicolae_shop_back_alley_shop,
          uniq_harold
Orc:2:    st_orc_open, layout_caves

Skill      XL: |  1  2  3  4  5  6  7  8  9 10 11 12 13 14 15 16 |
---------------+-------------------------------------------------+-----
Fighting       | 4 5 6 7 8 9 11 12 13 14 16 | 16.2
Axes           | 4 5 6 7 8 9 11 12 13 14 16 | 16.2
Armour         | 3 4 5 6 8 9 11 12 13 14 15 16 | 16.0
Shields        | 1 2 3 4 6 7 8 10 11 13 14 15 | 15.7
Dodging        | 3 4 5 6 7 8 10 11 12 13 14 | 14.8

Action                     |  1- 3 |  4- 6 |  7- 9 | 10-12 | 13-15 | 16-18 || total
---------------------------+-------+-------+-------+-------+-------+-------++-------
  Melee: Hand axe          |    79 |    95 |   192 |   532 |    80 |       ||   978
         Headbutt          |    13 |    17 |    40 |   118 |   143 |    10 ||   341
         Punch             |       |     1 |     1 |     2 |       |       ||     4
         War axe           |       |       |       |       |   602 |    58 ||   660
  Throw: Dart              |       |     2 |    12 |     7 |     3 |       ||    24
 Invoke: Berserk           |     1 |     3 |     7 |    13 |    12 |     1 ||    37
         Trog's Hand       |       |       |     2 |       |       |       ||     2
         Brothers in Arms  |       |       |       |       |     1 |       ||     1
    Use: Scroll            |       |       |       |    15 |    16 |     2 ||    33
   Stab: Sleeping          |       |       |       |     2 |       |       ||     2
 Armour: Animal skin       |     9 |       |       |       |       |       ||     9
         Plate armour      |    27 |    59 |    55 |       |       |       ||   141
         Ring mail         |       |       |    23 |    88 |       |       ||   111
         Crystal plate arm |       |       |       |    41 |   470 |    57 ||   568
         Skin              |       |       |       |       |     5 |       ||     5
  Dodge: Dodged            |    48 |    32 |   114 |   337 |   276 |    56 ||   863
  Block: Kite shield       |       |       |       |   139 |   521 |    78 ||   738
